 Dungeon Crawl Stone Soup version 0.23-a0-446-g036aa52 (webtiles) character file.

397 Lavandula the Ruffian (level 6, 0/39 HPs)
             Began as an Octopode Hunter on Nov 18, 2018.
             Slain by an elf zombie (6 damage)
             ... in an ossuary.
             The game lasted 00:05:23 (1019 turns).

Lavandula the Ruffian (Octopode Hunter)             Turns: 1019, Time: 00:05:24

Health: 0/39       AC:  1    Str: 13    XL:     6   Next: 83%
Magic:  6/6        EV: 13    Int: 14    God:
Gold:   77         SH:  0    Dex: 12    Spells: 5/5 levels left

rFire    . . .     SeeInvis .     - Unarmed
rCold    . . .     Gourm    .   (no shield)
rNeg     . . .     Faith    .   (helmet restricted)
rPois    .         Spirit   .   (no amulet)
rElec    .         Reflect  .   h - ring of wizardry
rCorr    .         Harm     .   (no ring)
MR       .....                  (no ring)
Stlth    +++.......             (no ring)
HPRegen  0.13/turn              (no ring)
MPRegen  0.10/turn              (no ring)
                                (no ring)
                                (no ring)

@: no status effects
A: almost no armour, stealthy swim, amphibious, 8 rings, constrict 8, camouflage
1, gelatinous body 1
a: no special abilities


You were in an ossuary.
You were hungry.

You visited 1 branch of the dungeon, and saw 4 of its levels.
You also visited: Ossuary.

You collected 77 gold pieces.

Inventory:

Missiles
 b - 6 javelins (quivered)
 c - a throwing net
Jewellery
 h - a ring of wizardry (left tentacle)
Scrolls
 g - 4 scrolls of identify {unknown}
Potions
 a - a potion of agility {unknown}
 i - a potion of flight {unknown}
Comestibles
 d - 4 rations


   Skills:
 - Level 2.0 Fighting
 - Level 4.0 Throwing
 - Level 2.0 Dodging
 - Level 1.3 Stealth
 + Level 6.7 Unarmed Combat


You had 5 spell levels left.
You didn't know any spells.
Your spell library was empty.

Dungeon Overview and Level Annotations

Branches:
Dungeon (6/15)
 Temple: D:4-7

Altars:

Annotations:
D:2 Robin


Innate Abilities, Weirdness & Mutations

You cannot wear most types of armour.
You are very stealthy in the water. (Stealth+)
You are amphibious.
You can wear up to eight rings at the same time.
You can use your tentacles to constrict eight enemies at once.
Your skin changes colour to match your surroundings (Stealth+).
Your rubbery body absorbs attacks. (AC +1, EV +1)


Message History

Press: ? - help, Shift-Dir - straight line, f - rat zombie
Aim: a rat zombie
Okay, then.
You bludgeon the rat zombie!
You destroy the rat zombie!
You are feeling hungry.
The sentinel's mark upon you fades away.
You tentacle-slap the elf zombie. You grab the elf zombie.
You squeeze the elf zombie!
The elf zombie is moderately damaged.
You constrict the elf zombie.
You tentacle-slap the elf zombie but do no damage.
Your squeeze misses the elf zombie.
The elf zombie is moderately damaged.
You constrict the elf zombie. The elf zombie hits you!
* * * LOW HITPOINT WARNING * * *
You tentacle-slap the elf zombie.
The elf zombie is moderately damaged.
You constrict the elf zombie. The elf zombie hits you.
You die...

####################
#.........∩∩........
#...Z.....Z.........
#..@##############..
#...# #.. #...#
#...# #Z.
#...####+.... #..
#...#.....∩.# #..
#...#.......# #..
#...#.......# #..
#...#.......####.#M.
#...#.........Z..#..


You could see a goblin zombie and an elf zombie.

Vanquished Creatures
  A sky beast (D:6)
  3 centaur zombies (Ossuary)
  A crimson imp (D:6)
  A human zombie (Ossuary)
  A jelly (D:6)
  2 orc wizards (D:6)
  An adder (D:3)
  A worm (D:3)
  An orc (D:6)
  4 bats
  3 goblins (D:1)
  2 hobgoblins (D:3)
  9 jackals
  A frilled lizard (D:3)
  A goblin zombie (Ossuary)
  7 hobgoblin zombies (Ossuary)
  A jackal zombie (Ossuary)
  4 kobolds
  10 kobold zombies (Ossuary)
  4 orc zombies (Ossuary)
  4 rats
  A rat zombie (Ossuary)
63 creatures vanquished.

Notes
Turn   | Place    | Note
-------+----------+-------------------------------------------
     0 | D:1      | Lavandula the Octopode Hunter began the quest for the Orb.
     0 | D:1      | Reached XP level 1. HP: 14/14 MP: 1/1
    78 | D:1      | Reached skill level 1 in Unarmed Combat
    91 | D:2      | Noticed Robin
   105 | D:1      | Reached XP level 2. HP: 19/19 MP: 2/2
   202 | D:1      | Reached skill level 2 in Unarmed Combat
   367 | D:3      | Reached XP level 3. HP: 20/24 MP: 3/3
   458 | D:3      | Reached skill level 3 in Unarmed Combat
   520 | D:3      | You fall through a shaft for 3 floors!
   522 | D:6      | Reached XP level 4. HP: 29/29 MP: 4/4
   530 | D:6      | Noticed a centaur
   573 | D:6      | Reached skill level 4 in Unarmed Combat
   580 | D:6      | Reached XP level 5. HP: 33/34 MP: 5/5
   585 | D:6      | Noticed a sky beast
   623 | D:6      | Killed a sky beast
   623 | D:6      | Reached skill level 5 in Unarmed Combat
   655 | D:6      | Found a sand-covered staircase.
   662 | D:6      | Reached XP level 6. HP: 16/39 MP: 6/6
   676 | Ossuary  | Entered an ossuary
   953 | Ossuary  | Reached skill level 6 in Unarmed Combat
  1019 | Ossuary  | Slain by an elf zombie

Vault maps used:
D:1:      shiori_arrival_oz, minmay_distorted
D:2:      doesnt_xom_only_xom, grunt_temple_overflow_open, first_ration,
          minmay_misc_feat_roman, uniq_jessica, uniq_robin, uniq_natasha
D:3:      old_standard_altar, uniq_ijyb
D:6:      cheibrodos_iron_armory, lemuel_crystal_altar, enter_ossuary_1
Ossuary:  ossuary_tomb_1

Skill      XL: |  1  2  3  4  5  6 |
---------------+-------------------+-----
Unarmed Combat | 1 2 3 4 5 6 |  6.7
Fighting       | |  2.0
Throwing       | |  4.0
Dodging        | |  2.0
Stealth        | |  1.3

Action                   |  1- 3 |  4- 6 || total
-------------------------+-------+-------++-------
Melee: Unarmed           |    37 |    93 ||   130
       Constrict         |    14 |    22 ||    36
       Tentacles         |     6 |    26 ||    32
       Punch             |     1 |     5 ||     6
Throw: Javelin           |    25 |     9 ||    34
       Throwing net      |       |     2 ||     2
  Use: Potion            |       |     2 ||     2
 Stab: Sleeping          |     3 |       ||     3
Armor: Skin              |     5 |     2 ||     7
Dodge: Dodged            |    22 |    40 ||    62

Table legend:
 A = Non-vault XP
 B = Vault XP
 C = Vault XP percentage of total XP
 D = Non-vault monster count
 E = Vault monster count
 F = Vault count percentage of total count
                 A         B        C        D         E       F
            +---------+---------+-------+---------+---------+-------
      Total |     357 |     211 |  37.1 |      34 |      29 |  46.0
            +---------+---------+-------+---------+---------+-------
        D:1 |      19 |       2 |   9.5 |      13 |       1 |   7.1
        D:2 |       4 |       0 |   0.0 |       2 |       0 |   0.0
        D:3 |      39 |       0 |   0.0 |      13 |       0 |   0.0
        D:6 |     295 |       0 |   0.0 |       6 |       0 |   0.0
    Ossuary |       0 |     209 | 100.0 |       0 |      28 | 100.0
            +---------+---------+-------+---------+---------+-------
